 Dungeon Crawl Stone Soup version 0.18-b1-10-g3f7de93 (webtiles) character file.

68585 juanjsm the Imperceptible (level 14, -9/72 HPs)
             Began as a Spriggan Enchanter on Apr 28, 2016.
             Was the Champion of Ashenzari.
             Hit by a large rock thrown by a stone giant (49 damage)
             ... on level 2 of the Orcish Mines on Apr 29, 2016.
             The game lasted 03:07:33 (23379 turns).

juanjsm the Imperceptible (Spriggan Enchanter)     Turns: 23379, Time: 03:07:33

Health: -9/72      AC:  7    Str:  4    XL:     14   Next: 87%
Magic:  34/40      EV: 25    Int: 22    God:    Ashenzari [******]
Gold:   1693       SH: 10    Dex: 16    Spells: 6 memorised, 24 levels left

rFire  . . .     SeeInvis +     z - +4 dagger
rCold  + . .     Gourm    .     p - +2 robe {rC+} (curse)
rNeg   . . .     Faith    .     U - +1 buckler
rPois  .         Spirit   .     (helmet restricted)
rElec  .         Dismiss  .     r - +2 cloak (curse)
rCorr  .         Reflect  +     (gloves unavailable)
SustAt .         Harm     .     (boots unavailable)
MR     ++...     Clarity  +     H - +2 amulet of reflection (curse)
Stlth  +++++++++.               F - ring of magical power (curse)
                                f - +2 ring of evasion (curse)

@: very quick, very resistant to hostile enchantments, incredibly stealthy
A: unfitting armour, see invisible, herbivore 3, speed 3, slow metabolism 2
a: Curse Item, Scrying, Transfer Knowledge, Renounce Religion


You were on level 2 of the Orcish Mines.
You worshipped Ashenzari.
Ashenzari was exalted by your worship.
You were full.

You visited 4 branches of the dungeon, and saw 24 of its levels.

You collected 2043 gold pieces.
You spent 350 gold pieces at shops.

Inventory:

Hand Weapons
 z - a +4 dagger (weapon)
 L - a cursed -2 dagger
Armour
 p - a cursed +2 robe of cold resistance (worn)
 r - a cursed +2 cloak (worn)
 U - a +1 buckler (worn)
Jewellery
 c - a cursed ring of flight
 f - a cursed +2 ring of evasion (left hand)
 m - an uncursed ring of fire
 D - an uncursed ring of protection from cold
 F - a cursed ring of magical power (right hand)
 G - an uncursed ring of positive energy
 H - a cursed +2 amulet of reflection (around neck)
Wands
 n - a wand of flame (5/48)
 y - a wand of acid (6/15)
 E - a wand of lightning (15/15)
 J - a wand of confusion (24/48)
 O - a wand of flame (21/48)
Scrolls
 a - 3 scrolls of amnesia
 e - 3 scrolls of remove curse
 k - 6 scrolls of magic mapping
 o - 3 scrolls of blinking
 q - a scroll of recharging
 s - 7 scrolls of teleportation
 C - a scroll of fog
 M - 3 scrolls of identify
 R - 2 scrolls of fear
Potions
 g - 2 potions of magic
 h - 2 potions of haste
 j - 12 potions of curing
 l - 2 potions of cancellation
 v - 4 potions of flight
 w - 2 potions of beneficial mutation {unknown}
 x - a potion of invisibility
 A - 4 potions of heal wounds
 K - a potion of lignification
 T - 2 potions of brilliance
Books
 t - a book of Maledictions

   Spells                             Type                      Level
   a - Corona                         Hexes                        1
   b - Ensorcelled Hibernation        Hexes/Ice                    2
   c - Confuse                        Hexes                        3
   d - Tukima's Dance                 Hexes                        3
   e - Dazzling Spray                 Conjuration/Hexes            3
Miscellaneous
 b - a plain deck of summoning {the Dance}
 u - a legendary deck of summoning {Water}
 B - a stone of tremors
 N - a plain deck of defence
 S - a plain deck of changes {Wild Magic}
 X - a phial of floods
Comestibles
 d - 11 bread rations
 I - 9 royal jellies


   Skills:
 * Level 7.4 Fighting
 * Level 9.7 Short Blades
 * Level 10.3(13.1) Dodging
 + Level 21.1(23.2) Stealth
 * Level 4.1 Shields
 + Level 12.2 Spellcasting
 + Level 0.2(1.3) Conjurations
 + Level 11.7(15.9) Hexes
 + Level 6.4(11.0) Ice Magic
 * Level 5.0(9.4) Evocations


You had 24 spell levels left.
You knew the following spells:

 Your Spells              Type           Power        Failure   Level  Hunger
a - Corona                Hex            ######.      0%          1    None
b - Ensorcelled Hibernat  Hex/Ice        ######       1%          2    None
c - Confuse               Hex            ######..     1%          3    None
d - Dazzling Spray        Conj/Hex       ######..     1%          3    None
e - Apportation           Tloc           ###.......   6%          1    None
f - Tukima's Dance        Hex            ######..     1%          3    None


Dungeon Overview and Level Annotations

Branches:
Dungeon (13/15)            Temple (1/1) D:5            Lair (8/8) D:8
 Shoals (0/4) Lair:3       Spider (0/4) Lair:6        Slime (0/6) Lair:8
    Orc (2/2) D:12            Elf (0/3) Orc:2
 Vaults: D:13-14

Altars:
Ashenzari
Cheibriados
Dithmenos
Elyvilon
Fedhas
Gozag
Kikubaaqudgha
Makhleb
Nemelex Xobeh
Okawaru
Pakellas
Qazlal
Ru
Sif Muna
Trog
Vehumet
Xom
Yredelemnul
Zin
The Shining One

Shops:
D:5 [?%*!   D:6 =   D:8 !   D:9 %   Orc:1 *   Orc:2 *[(=

Portals:
Trove: D:12 (give 2 scrolls of acquirement)


Innate Abilities, Weirdness & Mutations

You are tiny and cannot use many weapons and most armour.
You have supernaturally acute eyesight.
You are a herbivore.
You cover ground extremely quickly.
You need consume almost no food.


Message History

Aiming: Ensorcelled Hibernation
Press: ? - help, Shift-Dir - straight line, f - orc warrior
Aim: an orc warrior, wielding a halberd and wearing a plate armour (heavily wounded, chance to defeat MR: 72%)
The orc warrior looks drowsy...
You see here an uncursed hand axe.
The helpless orc warrior fails to defend itself.
You perforate the orc warrior like a sieve!!!!!
You kill the orc warrior!
Things that are here:
an uncursed halberd; a +0 plate armour You now have 1693 gold pieces (gained 44).
Things that are here:
an uncursed great mace; a +0 chain mail The stone giant shouts!
The stone giant throws a large rock.
The large rock hits you!
There is a stone staircase leading up here.
You see here a large rock.
The stone giant throws a large rock.
The large rock hits you!!!
Ouch! That really hurt!
You die...

,
##....................
,,* *
##...................
, **
####...P............
** ##.PP..........##
***
##*#.P............##
#*
##.##..P............#
.. *
#...#.....∩........#.
.. ,***
#..#...8....P...#...
.. , , **
#..@.PP..P..........
.. , ,
#.........P.P.#....#
.. ,,, ,,
##.##..P..C...##....
.o,,,, , ,*
##*#.......# #.....
......,, *, *
**,#.....##........
.∩..... ,
,.....#..........
......., *,,
,................
.......#**, , .....#.
. , .o. .8...P..* ∆,
**.$....... ,,,,...


You could see a stone giant.

Vanquished Creatures
  Kirke (Lair:6)
  An orc warlord (Orc:1)
  Snorg (D:11)
  Josephine (D:12)
  5 hydras
  A centaur warrior (D:12)
  An orc high priest (Orc:2)
  Nergalle (Lair:2)
  2 hill giants (D:10)
  2 orc knights (Orc:2)
  4 orc sorcerers
  2 ugly things
  2 cyclopes (D:12)
  2 griffons
  2 manticores
  13 elephants
  Maurice (D:9)
  3 black mambas
  13 spiny frogs
  2 rime drakes
  10 komodo dragons
  4 polar bears (Lair:8)
  7 jumping spiders (Lair:6)
  2 two-headed ogres
  4 trolls
  26 blink frogs
  2 slime creatures (Lair:8)
  A snapping turtle (Lair:3)
  4 redbacks
  A vampire (D:10)
  9 spriggans (Lair:8)
  4 wraiths
  3 wyverns
  Grum (D:8)
  4 basilisks
  44 yaks
  10 hippogriffs
  A hippogriff (shapeshifter) (D:11)
  3 hogs (Lair:6)
  A hungry ghost (D:12)
  3 wargs
  A soldier ant (D:11)
  15 water moccasins
  10 porcupines
  34 orc warriors
  An eye of draining (D:5)
  2 sky beasts
  3 phantoms
  12 ogres
  9 black bears
  A necrophage (D:12)
  4 wasps (Lair:8)
  2 ice beasts
  21 wolves
  3 centaurs
  16 crocodiles
  13 giant frogs
  7 scorpions
  14 killer bees
  3 howler monkeys
  A wight (D:9)
  2 electric eels
  9 crimson imps
  2 centaur zombies
  7 hounds
  6 jellies
  A quasit (D:6)
  17 orc priests
  Crazy Yiuf (D:2)
  25 orc wizards
  3 centaur skeletons
  A gnoll shaman (D:5)
  A giant frog skeleton (D:9)
  10 iguanas
  13 worker ants
  7 hell rats (Lair:6)
  29 sheep
  A killer bee zombie (D:9)
  A hound zombie (D:6)
  6 gnolls
  36 river rats
  11 adders
  4 shadow imps
  6 oozes
  2 adder skeletons
  2 adder zombies
  5 worms
  3 dart slugs
  6 giant geckos
  70 orcs
  4 giant cockroaches
  16 goblins
  7 hobgoblins
  13 jackals
  8 kobolds
  3 quokkas
  2 ball pythons
  7 bats
  4 giant newts
  A jackal zombie (D:6)
  A quokka skeleton (D:6)
  A quokka zombie (D:7)
  4 rats
  2 fungi
736 creatures vanquished.

Vanquished Creatures (collateral kills)
  A yak (Lair:1)
1 creature vanquished.

Vanquished Creatures (others)
  An orc wizard (D:7)
  An orc (Orc:1)
  25 fungi
  8 plants (Lair:7)
35 creatures vanquished.

Grand Total: 772 creatures vanquished

Notes
Turn   | Place    | Note
--------------------------------------------------------------
     0 | D:1      | juanjsm the Spriggan Enchanter began the quest for the Orb.
     0 | D:1      | Reached XP level 1. HP: 9/9 MP: 5/5
   188 | D:1      | Reached XP level 2. HP: 3/13 MP: 4/6
   222 | D:1      | Learned a level 2 spell: Ensorcelled Hibernation
   745 | D:2      | Reached XP level 3. HP: 16/16 MP: 2/8
   750 | D:2      | Learned a level 3 spell: Confuse
   761 | D:2      | Reached skill level 5 in Stealth
   958 | D:3      | Found a radiant altar of Vehumet.
  1254 | D:2      | Noticed Crazy Yiuf
  1268 | D:2      | Killed Crazy Yiuf
  1268 | D:2      | Reached skill level 6 in Stealth
  1268 | D:2      | Reached XP level 4. HP: 21/21 MP: 3/9
  1273 | D:2      | Learned a level 3 spell: Dazzling Spray
  1491 | D:2      | Found a basalt altar of Yredelemnul.
  1774 | D:3      | Found a faded altar to an unknown god.
  1787 | D:3      | Reached XP level 5. HP: 24/24 MP: 7/11
  1818 | D:3      | Noticed an ogre
  2383 | D:3      | Killed an ogre
  2506 | D:4      | Reached skill level 1 in Ice Magic
  2506 | D:4      | Reached XP level 6. HP: 28/28 MP: 13/13
  2524 | D:4      | Reached skill level 5 in Hexes
  2606 | D:5      | Entered Level 5 of the Dungeon
  2637 | D:4      | Reached skill level 7 in Stealth
  2639 | D:5      | Found Lezutao's Magic Scroll Boutique.
  2639 | D:5      | Found Kereub's Antique Armour Boutique.
  2978 | D:4      | Found a shadowy altar of Dithmenos.
  3409 | D:5      | Found a bloodstained altar of Trog.
  3491 | D:5      | Found a staircase to the Ecumenical Temple.
  3502 | Temple   | Entered the Ecumenical Temple
  3584 | Temple   | Became a worshipper of Ashenzari the Shackled
  3617 | D:5      | Found Ojish's Distillery.
  3623 | D:5      | Reached XP level 7. HP: 32/32 MP: 7/14
  3670 | D:5      | Found Kuplug's General Store.
  3705 | D:5      | Found Zeoxymeisen's Food Shop.
  3979 | D:5      | Reached skill level 8 in Stealth
  3996 | D:5      | Reached skill level 5 in Spellcasting
  4533 | D:5      | Reached skill level 9 in Stealth
  4647 | D:5      | Reached XP level 8. HP: 32/37 MP: 12/18
  4793 | D:6      | Reached * piety under Ashenzari
  4793 | D:6      | Found an iron altar of Okawaru.
  4802 | D:6      | Reached skill level 5 in Dodging
  4910 | D:6      | Found Zeofan's Jewellery Shoppe.
  4945 | D:6      | Found a sparkling altar of Nemelex Xobeh.
  5029 | D:6      | Reached skill level 10 in Stealth
  5510 | D:7      | Reached skill level 1 in Fighting
  5737 | D:7      | Reached skill level 11 in Stealth
  5924 | D:7      | Reached ** piety under Ashenzari
  5933 | D:7      | Reached XP level 9. HP: 41/41 MP: 6/20
  6762 | D:8      | Found Nyreunoelu's Distillery.
  6771 | D:8      | Bought a potion of heal wounds for 50 gold pieces
  6771 | D:8      | Bought a potion of heal wounds for 50 gold pieces
  6826 | D:8      | Found a staircase to the Lair.
  6828 | D:8      | Noticed a spiny frog
  6845 | D:8      | Noticed Grum
  6881 | D:8      | Killed Grum
  6881 | D:8      | Reached skill level 12 in Stealth
  7294 | D:10     | Entered Level 10 of the Dungeon
  7563 | D:8      | Reached skill level 13 in Stealth
  7633 | D:8      | Reached XP level 10. HP: 46/46 MP: 15/23
  7654 | D:8      | Killed a spiny frog
  7843 | D:8      | Found an oddly glowing altar of Pakellas.
  8257 | Lair:1   | Entered Level 1 of the Lair of Beasts
  8390 | Lair:1   | Reached skill level 14 in Stealth
  8648 | Lair:1   | Reached *** piety under Ashenzari
  8649 | Lair:1   | Noticed a spiny frog
  8666 | Lair:1   | Reached skill level 15 in Stealth
  8688 | Lair:1   | Learned a level 1 spell: Apportation
  8697 | Lair:1   | Noticed a spiny frog
  8807 | Lair:1   | Killed a spiny frog
  8857 | Lair:1   | Killed a spiny frog
  9001 | Lair:1   | Noticed a six-headed hydra
  9115 | Lair:1   | Killed a six-headed hydra
  9115 | Lair:1   | Reached skill level 16 in Stealth
  9115 | Lair:1   | Reached XP level 11. HP: 38/50 MP: 12/24
  9403 | Lair:1   | Gained mutation: You are partially covered in thin metallic scales (AC +2). [potion of mutation]
  9403 | Lair:1   | Gained mutation: Your magical capacity is low (-10% MP). [potion of mutation]
  9403 | Lair:1   | Gained mutation: You have a pair of small horns on your head. [potion of mutation]
  9797 | Lair:2   | Noticed a six-headed hydra
  9799 | Lair:2   | Reached **** piety under Ashenzari
  9827 | Lair:2   | Killed a six-headed hydra
  9911 | Lair:2   | Noticed Nergalle
  9927 | Lair:2   | Killed Nergalle
 10193 | Lair:3   | Reached skill level 17 in Stealth
 10821 | Lair:3   | Found a staircase to the Shoals.
 10946 | Lair:3   | Noticed a six-headed hydra
 10953 | Lair:3   | Killed a six-headed hydra
 10953 | Lair:3   | Reached skill level 5 in Short Blades
 10980 | Lair:3   | Reached skill level 5 in Ice Magic
 11035 | Lair:3   | Reached skill level 18 in Stealth
 11156 | Lair:3   | Noticed a griffon
 11169 | Lair:3   | Killed a griffon
 11169 | Lair:3   | Reached XP level 12. HP: 44/58 MP: 21/24
 11471 | Lair:4   | Reached skill level 10 in Spellcasting
 11563 | Lair:4   | Reached ***** piety under Ashenzari
 11582 | Lair:4   | Got the quarterstaff of the Hawk {crush, +Inv}
 13177 | Lair:7   | Reached skill level 10 in Hexes
 13225 | Lair:6   | Noticed Kirke
 13339 | Lair:6   | Found a hole to the Spider Nest.
 13634 | Lair:6   | Reached skill level 19 in Stealth
 13642 | Lair:6   | Reached skill level 5 in Fighting
 13809 | Lair:6   | Killed Kirke
 14440 | Lair:8   | Entered Level 8 of the Lair of Beasts
 14447 | Lair:8   | Reached XP level 13. HP: 63/63 MP: 23/25
 14903 | Lair:7   | Reached ****** piety under Ashenzari
 15038 | Lair:7   | Reached skill level 1 in Shields
 16276 | Lair:8   | Reached skill level 20 in Stealth
 16670 | Lair:8   | Found a staircase to the Slime Pits.
 17790 | Lair:8   | Reached XP level 14. HP: 45/70 MP: 18/27
 18218 | Lair:8   | Gained mutation: You occasionally shout uncontrollably at your foes. [potion of mutation]
 18492 | Lair:2   | Identified the +9 quarterstaff of the Hawk {crush, +Inv} (You found it on level 4 of the Lair of Beasts)
 18611 | D:8      | Bought a potion of cure mutation for 250 gold pieces
 18611 | D:8      | Lost mutation: You occasionally shout uncontrollably at your foes. [potion of cure mutation]
 18611 | D:8      | Lost mutation: You have a pair of small horns on your head. [potion of cure mutation]
 18611 | D:8      | Lost mutation: Your magical capacity is low (-10% MP). [potion of cure mutation]
 18611 | D:8      | Lost mutation: You are partially covered in thin metallic scales (AC +2). [potion of cure mutation]
 18654 | D:9      | Upgraded the game from 0.18-b1-2-gd0c887e to 0.18-b1-10-g3f7de93
 18684 | D:9      | Noticed Maurice
 18698 | D:9      | Killed Maurice
 18890 | D:9      | Found a stormy altar of Qazlal.
 19073 | D:9      | Found Zodeubba's Food Shoppe.
 19535 | D:10     | Reached skill level 1 in Evocations
 20195 | D:11     | Learned a level 3 spell: Tukima's Dance
 20262 | D:11     | Noticed Snorg
 20264 | D:11     | Killed Snorg
 20713 | D:12     | Found a portal to a secret trove of treasure.
 20835 | D:12     | Found a staircase to the Orcish Mines.
 21240 | D:12     | Noticed Josephine
 21247 | D:12     | Killed Josephine
 21392 | D:12     | Reached skill level 10 in Dodging
 21553 | Orc:1    | Entered Level 1 of the Orcish Mines
 21553 | Orc:1    | Found Rifipsaopn's General Store.
 21586 | Orc:1    | Noticed an orc warlord
 21599 | Orc:2    | Entered Level 2 of the Orcish Mines
 21599 | Orc:2    | Found Noguk's Antique Weapon Shoppe.
 21696 | Orc:1    | Killed an orc warlord
 21912 | Orc:2    | Found a staircase to the Elven Halls.
 22687 | Orc:2    | Found Okyphine's General Store.
 22741 | Orc:2    | Reached skill level 21 in Stealth
 22832 | Orc:2    | Noticed an orc warlord
 22866 | Orc:2    | Found Pyrhoum's Antique Armour Emporium.
 23099 | Orc:2    | Reached skill level 5 in Evocations
 23204 | Orc:2    | Found Uhymuss's Jewellery Boutique.
 23285 | Orc:2    | Noticed a stone giant
 23379 | Orc:2    | Hit by a large rock thrown by a stone giant

Skill      XL: |  1  2  3  4  5  6  7  8  9 10 11 12 13 14 |
---------------+-------------------------------------------+-----
Hexes          | 4 5 6 7 8 9 10 11 | 11.7
Stealth        | 6 7 9 11 13 16 18 19 20 21 | 21.1
Spellcasting   | 3 4 6 7 8 9 10 11 12 | 12.2
Short Blades   | 2 3 5 7 8 9 |  9.7
Dodging        | 4 6 7 8 9 10 | 10.3
Ice Magic      | 1 2 3 4 5 6 |  6.4
Fighting       | 1 2 3 5 6 7 |  7.4
Shields        | 2 4 |  4.1
Evocations     | 5 |  5.0
Conjurations   | |  0.2

Action                   |  1- 3 |  4- 6 |  7- 9 | 10-12 | 13-15 || total
-------------------------+-------+-------+-------+-------+-------++-------
Melee: Dagger            |    96 |   137 |   266 |   245 |   518 ||  1262
       Headbutt          |       |       |       |     6 |    14 ||    20
 Cast: Corona            |    10 |       |       |       |       ||    10
       Ensorcelled Hiber |    20 |    40 |    95 |   152 |   325 ||   632
       Confuse           |     1 |     9 |    16 |    18 |    90 ||   134
       Dazzling Spray    |       |       |     3 |     6 |    28 ||    37
Invok: Curse Item        |       |     2 |     4 |     1 |     1 ||     8
       Scrying           |       |       |       |     1 |       ||     1
  Use: Scroll            |       |     5 |     3 |    15 |    10 ||    33
       Potion            |       |     2 |     3 |     4 |     5 ||    14
 Stab: Sleeping          |    26 |    30 |    94 |   161 |   260 ||   571
       Confused          |     1 |     3 |    13 |     9 |    44 ||    70
       Invisible         |       |       |     1 |     2 |    15 ||    18
       Distracted        |       |       |     1 |     2 |     3 ||     6
       Fleeing           |       |       |       |       |     3 ||     3
  Eat: Pizza             |       |     2 |     1 |     1 |     1 ||     5
       Fruit             |       |       |     4 |     5 |     7 ||    16
       Royal jelly       |       |       |       |       |     2 ||     2
Armor: Robe              |    14 |    17 |    13 |     7 |    28 ||    79
Dodge: Dodged            |   104 |    92 |   154 |   160 |   388 ||   898
Block: Other             |       |       |     2 |     5 |    18 ||    25
       Buckler           |       |       |       |       |    67 ||    67
       Reflection        |       |       |       |       |     4 ||     4
